 Dungeon Crawl Stone Soup version 0.18-a0-1788-g92de1ac (webtiles) character file.

70198 Jojapa the Severer (level 14, -9/138 HPs)
             Began as a Minotaur Berserker on Apr 19, 2016.
             Was the Champion of Trog.
             Killed by divine providence
             ... invoked by an orc priest
              (13 damage)
             ... on level 1 of the Orcish Mines.
             The game lasted 02:48:45 (24059 turns).

Jojapa the Severer (Minotaur Berserker)            Turns: 24059, Time: 02:48:46

Health: -9/138     AC: 28    Str: 21    XL:     14   Next: 93%
Magic:  0/4        EV:  9    Int:  5    God:    Trog [******]
Gold:   1551       SH:  0    Dex: 13    Spells: 0 memorised, 13 levels left

rFire  . . .     SeeInvis .     w - +2 battleaxe (antimagic)
rCold  + . .     Gourm    .     t - +9 chain mail of the Cooper {rC+ rN++ Int-2 Stlth+}
rNeg   + + .     Faith    .     (shield currently unavailable)
rPois  +         Spirit   +     (helmet restricted)
rElec  +         Dismiss  .     u - +2 cloak {MR+}
rCorr  +         Reflect  .     K - +0 pair of gloves
SustAt +         Harm     .     (no boots)
MR     ++...                    P - amulet of guardian spirit
Stlth  ..........               H - ring "Ogiyd" {SustAt rElec rPois}
                                B - ring of resist corrosion

@: exhausted, slowed, very slow, very resistant to hostile enchantments,
extremely unstealthy
A: retaliatory headbutt, horns 2
a: Berserk, Trog's Hand, Brothers in Arms, Burn Spellbooks, Renounce Religion


You were on level 1 of the Orcish Mines.
You worshipped Trog.
Trog was exalted by your worship.
You were not hungry.

You visited 4 branches of the dungeon, and saw 22 of its levels.

You collected 1733 gold pieces.
You spent 182 gold pieces at shops.

Inventory:

Hand Weapons
 f - a +1 war axe of flaming
 w - a +2 antimagic battleaxe (weapon)
 M - the +7 executioner's axe of the Countless Lies {antimagic, *Rage rElec rN+ Str+9}
   (Trog gifted it to you on level 6 of the Lair of Beasts)

   It disrupts the flow of magical energy around spellcasters and certain
   magical creatures (including the wielder).
   It affects your strength (+9).
   It insulates you from electricity.
   It protects you from negative energy.
   It may make you go berserk in combat.
Armour
 t - the +9 chain mail of the Cooper (worn) {rC+ rN++ Int-2 Stlth+}
   (You found it on level 4 of the Dungeon)

   It affects your intelligence (-2).
   It protects you from cold.
   It greatly protects you from negative energy.
   It makes you more stealthy.
 u - a +2 cloak of magic resistance (worn)
 K - a +0 pair of gloves (worn)
Jewellery
 B - a ring of resist corrosion (left hand)
 H - the ring "Ogiyd" (right hand) {SustAt rElec rPois}
   (You found it on level 8 of the Dungeon)

   [ring of sustain attributes]

   It sustains your strength, intelligence and dexterity.
   It insulates you from electricity.
   It protects you from poison.
 P - an amulet of guardian spirit (around neck)
 T - an uncursed ring of ice
 Z - an uncursed ring of flight
Wands
 J - a wand of flame (26/48)
 L - a wand of heal wounds (4/9)
 X - a wand of iceblast (5/15)
Scrolls
 d - 5 scrolls of enchant weapon {unknown}
 i - 4 scrolls of noise {unknown}
 j - 15 scrolls of teleportation
 k - 6 scrolls of recharging {unknown}
 m - 4 scrolls of identify
 n - 6 scrolls of remove curse
 s - 4 scrolls of blinking {unknown}
 x - 3 scrolls of vulnerability {unknown}
 C - 3 scrolls of fog {unknown}
 D - 3 scrolls of amnesia {unknown}
 E - a scroll of fear
 O - 4 scrolls of magic mapping {unknown}
 S - a scroll of brand weapon {unknown}
Potions
 b - a potion of agility
 e - 3 potions of cancellation
 g - 5 potions of curing
 h - a potion of berserk rage
 p - a potion of cure mutation
 q - 3 potions of might
 v - 2 potions of resistance
 z - 2 potions of haste
 A - 3 potions of mutation
 F - 2 potions of lignification
 N - 5 potions of brilliance
 Q - a potion of heal wounds
 R - 2 potions of ambrosia
 W - a potion of magic
 Y - a potion of flight
Comestibles
 c - 16 bread rations
 l - a meat ration
 r - 24 fruits
 G - 6 beef jerkies
 U - 11 royal jellies


   Skills:
 - Level 16.3 Fighting
 * Level 19.8 Axes
 - Level 16.1 Armour
 - Level 2.1 Dodging


You had 13 spell levels left.
You didn't know any spells.

Dungeon Overview and Level Annotations

Branches:
Dungeon (11/15)            Temple (1/1) D:4            Lair (8/8) D:11
 Shoals (0/4) Lair:3       Spider (0/4) Lair:5        Slime (0/6) Lair:7
    Orc (2/2) D:10
    Elf: Orc:2

Altars:
Ashenzari
Cheibriados
Dithmenos
Elyvilon
Fedhas
Gozag
Kikubaaqudgha
Makhleb
Nemelex Xobeh
Pakellas
Qazlal
Ru
Sif Muna
Trog
Vehumet
Xom
Yredelemnul
Zin
The Shining One
Jiyva

Shops:
D:11 ?   Orc:2 :


Innate Abilities, Weirdness & Mutations

You reflexively headbutt those who attack you in melee.
You have a pair of horns on your head.


Message History

You slash the orc!
You kill the orc!
Trog accepts your kill.
You barely miss the orc wizard. You barely miss the orc knight.
The orc knight is severely wounded.
You closely miss the orc wizard.
You feel less confused. The orc wizard hits you with a dagger.
* * * LOW HITPOINT WARNING * * *
The orc knight closely misses you.
The orc wizard mumbles some strange words.
The orc wizard flickers and vanishes!
The orc warrior misses you. You furiously retaliate!
You headbutt the orc warrior, but do no damage.
The orc wizard hits you with a dagger.
* * * LOW HITPOINT WARNING * * *
The orc priest looks braver for a moment.
The orc priest invokes the aid of Beogh against you.
Beogh smites you!
You die...

...#...........
..................
#.....#...........
.....#............
...........o......
..........$#......
#.......o........
##.....o.o>.......
.$.....@ooo.......
.......o)o.....$..
.........o........
.......$..........
................##
#...............#
.............#..#
.................


You could see an orc knight, an orc warrior, an orc priest, an orc wizard and 6
orcs.

Vanquished Creatures
  2 orc warlords
  Maud (Lair:8)
  Erolcha (Orc:1)
  A fire dragon (Lair:8)
  An ice dragon (Lair:6)
  6 hydras
  The ghost of DocEon the Slicer, a journeyman HEAr of Okawaru (Orc:2)
  The ghost of lordive the Carver, a novice MiGl of Ru (D:8)
  8 death yaks (Lair:7)
  Urug (Lair:2)
  Pikel (D:5)
  An orc knight (Orc:2)
  2 orc sorcerers (Orc:2)
  2 griffons
  A manticore (Lair:3)
  A deep elf mage (D:10)
  9 black mambas
  12 elephants
  A gargoyle (D:9)
  20 spiny frogs
  4 rime drakes
  2 torpor snails
  9 komodo dragons
  An efreet (D:10)
  A jumping spider (Lair:5)
  A polar bear (Lair:4)
  5 trolls
  A queen bee (Lair:4)
  3 blink frogs (Lair:4)
  3 slime creatures (D:11)
  Sigmund (D:4)
  A redback (Lair:5)
  A wyvern (Lair:8)
  57 yaks
  A spriggan (Lair:4)
  3 basilisks
  Grum (D:10)
  The ghost of Phlounder the Magician, an amateur DrWz (D:4)
  15 hippogriffs
  3 mottled dragons (Lair:8)
  A steam dragon (Lair:8)
  3 wargs
  16 water moccasins
  20 orc warriors
  16 porcupines
  3 sky beasts
  A swamp drake (Lair:8)
  11 ogres
  A slave (D:5)
  A phantom (D:6)
  A necrophage (D:9)
  38 wolves
  3 centaurs
  23 crocodiles
  3 big kobolds
  14 giant frogs
  3 gnoll sergeants (D:10)
  5 scorpions
  25 killer bees
  5 wights (D:9)
  4 electric eels
  2 centaur zombies
  3 howler monkeys
  7 crimson imps
  A quasit (D:7)
  2 giant frog zombies
  7 hounds
  4 centaur skeletons
  2 jellies
  2 giant frog skeletons
  9 orc priests
  8 orc wizards
  5 hell rats (Lair:4)
  9 iguanas
  2 worker ants
  31 sheep
  A hound zombie (D:9)
  2 gnolls
  10 adders
  2 howler monkey skeletons
  63 river rats
  2 shadow imps
  2 white imps (Lair:6)
  An ooze (D:1)
  2 worms (D:2)
  2 dart slugs
  4 giant geckos
  53 orcs
  A ball python (D:4)
  4 bats
  3 giant cockroaches
  4 goblins
  7 hobgoblins
  2 jackals (D:2)
  2 quokkas
  2 giant newts
  18 kobolds
  8 rats
  A bush (Lair:4)
  7 fungi
  6 plants
687 creatures vanquished.

Vanquished Creatures (others)
  An unseen horror (D:10)
  An orc wizard (D:5)
  An adder (D:2)
  2 orcs (D:5)
  A ball python (D:5)
  15 fungi
  29 plants
50 creatures vanquished.

Grand Total: 737 creatures vanquished

Notes
Turn   | Place    | Note
--------------------------------------------------------------
     0 | D:1      | Jojapa the Minotaur Berserker began the quest for the Orb.
     0 | D:1      | Reached XP level 1. HP: 19/19 MP: 0/0
   260 | D:1      | Reached skill level 4 in Axes
   260 | D:1      | Reached XP level 2. HP: 15/27 MP: 1/1
   443 | D:1      | Reached XP level 3. HP: 31/33 MP: 2/2
   895 | D:2      | Reached ** piety under Trog
  1210 | D:2      | Found a radiant altar of Vehumet.
  1377 | D:2      | Reached XP level 4. HP: 38/41 MP: 3/3
  1565 | D:2      | Found a sacrificial altar of Ru.
  2078 | D:2      | Found a glowing golden altar of the Shining One.
  2144 | D:2      | Found a basalt altar of Yredelemnul.
  2150 | D:2      | Noticed an angel
  2409 | D:3      | Reached skill level 5 in Fighting
  2409 | D:3      | Reached skill level 5 in Axes
  2409 | D:3      | Reached XP level 5. HP: 39/48 MP: 4/4
  2470 | D:3      | Reached *** piety under Trog
  2687 | D:4      | Got a faintly glowing chain mail
  2698 | D:4      | Identified the +9 chain mail of the Cooper {rC+ rN++ Int-2 Stlth+} (You found it on level 4 of the Dungeon)
  2776 | D:4      | Noticed Phlounder's ghost (amateur DrWz)
  2778 | D:4      | Noticed an ogre
  2790 | D:4      | Reached XP level 6. HP: 57/57 MP: 5/5
  2791 | D:4      | Killed Phlounder's ghost
  2791 | D:4      | Reached skill level 5 in Armour
  2793 | D:4      | Reached skill level 6 in Axes
  2857 | D:4      | Found a staircase to the Ecumenical Temple.
  2869 | Temple   | Entered the Ecumenical Temple
  3165 | D:4      | Noticed Sigmund
  3172 | D:4      | Killed Sigmund
  3172 | D:4      | Reached XP level 7. HP: 59/64 MP: 6/6
  3368 | D:5      | Entered Level 5 of the Dungeon
  3702 | D:5      | Found an opulent altar of Gozag.
  3754 | D:5      | Found a bloodstained altar of Trog.
  3940 | D:5      | Noticed Pikel
  3962 | D:5      | Killed Pikel
  3962 | D:5      | Reached skill level 7 in Axes
  3962 | D:5      | Reached XP level 8. HP: 73/74 MP: 7/7
  4292 | D:6      | Reached skill level 8 in Axes
  4777 | D:6      | Found a blossoming altar of Fedhas.
  4869 | D:6      | Reached **** piety under Trog
  5091 | D:7      | Reached XP level 9. HP: 82/82 MP: 8/8
  5147 | D:7      | Reached skill level 9 in Axes
  6661 | D:8      | Noticed lordive's ghost (novice MiGl)
  6689 | D:8      | Killed lordive's ghost
  6689 | D:8      | Reached skill level 10 in Fighting
  6689 | D:8      | Reached skill level 10 in Axes
  6800 | D:8      | Reached skill level 10 in Armour
  6843 | D:8      | Reached XP level 10. HP: 48/94 MP: 9/9
  7138 | D:8      | Got a twitching granite ring
  7146 | D:8      | Identified the ring "Ogiyd" {SustAt rElec rPois} (You found it on level 8 of the Dungeon)
  7839 | D:9      | Reached ***** piety under Trog
  7931 | D:9      | Noticed a gargoyle
  7939 | D:9      | Reached skill level 11 in Axes
  7952 | D:9      | Killed a gargoyle
  8156 | D:9      | Got a translucent plate armour
  8176 | D:9      | Identified the cursed +0 plate armour of Forking Paths {rN+ Str-5 Stlth+} (You took it off an orc on level 9 of the Dungeon)
  8780 | D:10     | Entered Level 10 of the Dungeon
  8953 | D:10     | Noticed Grum
  8972 | D:10     | Killed Grum
  9035 | D:10     | Noticed a deep elf mage
  9043 | D:10     | Killed an unseen horror
  9043 | D:10     | Reached skill level 12 in Axes
  9052 | D:10     | Killed a deep elf mage
  9495 | D:10     | Found a staircase to the Orcish Mines.
  9511 | D:10     | Reached XP level 11. HP: 85/104 MP: 10/10
 10335 | D:10     | Reached skill level 13 in Axes
 10703 | D:11     | Found a white marble altar of Elyvilon.
 10896 | D:11     | Found Lohe's Magic Scroll Emporium.
 10909 | D:11     | Bought a scroll of identify for 28 gold pieces
 10909 | D:11     | Bought a scroll of identify for 28 gold pieces
 10909 | D:11     | Bought a scroll of identify for 28 gold pieces
 10909 | D:11     | Bought a scroll of identify for 28 gold pieces
 10909 | D:11     | Bought a scroll of identify for 28 gold pieces
 10909 | D:11     | Bought a scroll of teleportation for 42 gold pieces
 11038 | D:11     | Received a gift from Trog
 11096 | D:11     | Found a staircase to the Lair.
 11604 | Lair:1   | Entered Level 1 of the Lair of Beasts
 12122 | Lair:1   | Reached skill level 14 in Axes
 12759 | Lair:2   | Noticed Urug
 12784 | Lair:2   | Killed Urug
 12784 | Lair:2   | Reached XP level 12. HP: 90/115 MP: 11/11
 13826 | Lair:3   | Noticed a six-headed hydra
 13853 | Lair:3   | Found a staircase to the Shoals.
 13873 | Lair:2   | Reached ****** piety under Trog
 14083 | Lair:2   | Received a gift from Trog
 14083 | Lair:2   | Reached skill level 15 in Axes
 14088 | Lair:2   | Killed a 12-headed hydra
 14688 | Lair:3   | Found an oddly glowing altar of Pakellas.
 14793 | Lair:3   | Noticed a four-headed hydra
 14798 | Lair:3   | Killed a four-headed hydra
 14914 | Lair:3   | Noticed a five-headed hydra
 14931 | Lair:3   | Killed a 16-headed hydra
 15739 | Lair:4   | Reached skill level 16 in Axes
 16245 | Lair:4   | Identified a scroll of acquirement
 16372 | Lair:4   | Received a gift from Trog
 16802 | Lair:4   | Noticed a four-headed hydra
 16815 | Lair:4   | Reached XP level 13. HP: 117/124 MP: 2/12
 17519 | Lair:5   | Found a hole to the Spider Nest.
 18416 | Lair:6   | Received a gift from Trog
 18416 | Lair:6   | Reached skill level 17 in Axes
 18653 | Lair:6   | Received a gift from Trog
 18666 | Lair:6   | Got a slimy executioner's axe {god gift}
 18686 | Lair:6   | Identified the +7 executioner's axe of the Countless Lies {antimagic, *Rage rElec rN+ Str+9} (Trog gifted it to you on level 6 of the Lair of Beasts)
 20285 | Lair:7   | Reached skill level 15 in Fighting
 20389 | Lair:7   | Reached skill level 15 in Armour
 20577 | Lair:7   | Received a gift from Trog
 20616 | Lair:7   | Reached skill level 18 in Axes
 20914 | Lair:7   | Found a staircase to the Slime Pits.
 20915 | Lair:7   | Found a viscous altar of Jiyva.
 20955 | Lair:7   | Reached XP level 14. HP: 47/135 MP: 1/13
 21659 | Lair:8   | Entered Level 8 of the Lair of Beasts
 22373 | Lair:8   | Reached skill level 19 in Axes
 22442 | Lair:8   | Noticed Maud
 22453 | Lair:8   | Killed Maud
 22595 | Lair:8   | Received a gift from Trog
 23380 | Orc:1    | Entered Level 1 of the Orcish Mines
 23380 | Orc:1    | Noticed Erolcha
 23391 | Orc:1    | Killed Erolcha
 23392 | Orc:1    | Noticed an orc warlord
 23412 | Orc:1    | Killed an orc warlord
 23615 | Orc:2    | Entered Level 2 of the Orcish Mines
 23617 | Orc:2    | Noticed an orc warlord
 23617 | Orc:2    | Found Itoxax's Book Shoppe.
 23629 | Orc:2    | Killed an orc warlord
 24014 | Orc:2    | Noticed DocEon's ghost (journeyman HEAr)
 24016 | Orc:2    | Received a gift from Trog
 24031 | Orc:2    | Killed DocEon's ghost
 24051 | Orc:2    | HP: 3/138 [orc warrior/hand axe (13)]
 24058 | Orc:1    | HP: 5/138 [orc wizard/dagger (1)]
 24059 | Orc:1    | Killed from afar by an orc priest

Vault maps used:
D:1:      lightli_arrival_lavapool, serial_forest, infiniplex_forest_split,
          infiniplex_forest_end_3, infiniplex_forest_lined_room_,
          infiniplex_forest_end_2
D:2:      grunt_temple_overflow_holy_war, nicolae_overflow_hidden_temple,
          hangedman_ru_absence
D:3:      first_bread, grunt_dithmenos_smoke_and_mirrors
D:4:      minmay_temple_entry_statues_fountains, uniq_sigmund
D:5:      lemuel_crystal_altar, grunt_gozag_breadcrumbs, uniq_pikel
D:6:      fedhas_altar_1
D:8:      grunt_ogre_cave
D:9:      minmay_radiant
D:10:     kennysheep_orc_monster_closet_entryway, uniq_grum
D:11:     lair_0_dummy, serial_shops, shop, eino_tiny_chamber, elyvilon_altar_5
Temple:   chambers_temple_14
Lair:1:   serial_bayou_lagoon_a
Lair:2:   uniq_urug
Lair:3:   minmay_shoals_entry_beasts, basic_altar, lemuel_fruit_fields
Lair:4:   special_room, grunt_forest_large_clearing_hut
Lair:5:   spider_nest_entry_a
Lair:6:   nicolae_quartered_pool_super, bobbens_ice_dragon_lair,
          serial_bayou_shore_b
Lair:7:   slime_altar_1, serial_bayou_lake_a, grunt_megastairs_2
Lair:8:   guppyfry_lair_end_dragon, uniq_maud
Orc:1:    uniq_erolcha
Orc:2:    grunt_orc_gardens, grunt_orc_garden, grunt_orc_garden,
          grunt_orc_garden, grunt_orc_garden, basic_altar

Skill      XL: |  1  2  3  4  5  6  7  8  9 10 11 12 13 14 |
---------------+-------------------------------------------+-----
Fighting       | 4 5 6 7 8 10 12 13 14 15 16 | 16.3
Axes           | 4 5 6 7 8 10 12 14 16 18 19 | 19.8
Armour         | 3 4 5 7 8 10 11 12 14 15 16 | 16.1
Dodging        | |  2.1

Action                   |  1- 3 |  4- 6 |  7- 9 | 10-12 | 13-15 || total
-------------------------+-------+-------+-------+-------+-------++-------
Melee: Hand axe          |    65 |   105 |   315 |   147 |       ||   632
       Headbutt          |    13 |    23 |    59 |   195 |   176 ||   466
       War axe           |       |       |       |   437 |       ||   437
       Broad axe         |       |       |       |   189 |   753 ||   942
       Battleaxe         |       |       |       |       |    69 ||    69
Invok: Berserk           |       |     1 |     3 |    10 |     9 ||    23
       Trog's Hand       |       |       |       |     3 |       ||     3
Evoke: Wand              |       |       |       |     8 |     2 ||    10
       Disc of storms    |       |       |       |     1 |       ||     1
  Use: Scroll            |       |       |     3 |    17 |     3 ||    23
       Potion            |       |       |       |       |     1 ||     1
 Stab: Confused          |       |       |       |       |     1 ||     1
  Eat: Chunk             |     1 |     7 |    15 |    26 |    20 ||    69
       Meat ration       |       |       |       |     3 |     2 ||     5
       Pizza             |       |       |       |     1 |     2 ||     3
       Beef jerky        |       |       |       |     1 |       ||     1
Armor: Animal skin       |     1 |       |       |       |       ||     1
       Chain mail        |    20 |    49 |   213 |   640 |   502 ||  1424
Dodge: Dodged            |    29 |    41 |   127 |   404 |   327 ||   928
